 Dungeon Crawl Stone Soup version 0.17.0-28-g6e173f8 (webtiles) character file.

6066 root the Fighter (level 10, -4/111 HPs)
             Began as an Ogre Hunter on Nov 29, 2015.
             Was a Believer of Qazlal.
             Slain by a yak (15 damage)
             ... on level 1 of the Lair of Beasts.
             The game lasted 01:08:57 (13943 turns).

root the Fighter (Ogre Hunter)                     Turns: 13943, Time: 01:08:57

Health: -4/111     AC: 10    Str: 26    XL:     10   Next: 87%
Magic:  13/13      EV: 12    Int: 14    God:    Qazlal [**....]
Gold:   336        SH: 13    Dex: 13    Spells: 0 memorised, 9 levels left

rFire  . . .     SeeInvis .     g - +4 morningstar (protect)
rCold  + . .     Clarity  .     O - +1 robe of a treasure trove {rC+ Int+4}
rNeg   . . .     SustAt   +     H - +0 shield
rPois  .         Gourm    .     (helmet restricted)
rElec  .         Spirit   .     J - +0 cloak
rCorr  .         Warding  .     (gloves unavailable)
rMut   .         Stasis   .     (boots unavailable)
MR     +....                    V - amulet of faith
Stlth  +.........               k - +2 ring of strength
                                N - ring of sustain attributes

@: mighty, somewhat resistant to hostile enchantments, very unstealthy
A: unfitting armour, breathe flames 1, tough skin 1
a: Upheaval, Renounce Religion, Breathe Fire


You were on level 1 of the Lair of Beasts.
You worshipped Qazlal.
Qazlal was pleased with you.
You were near starving.

You visited 2 branches of the dungeon, and saw 9 of its levels.
You also visited: Sewer.

You collected 513 gold pieces.
You spent 177 gold pieces at shops.

Inventory:

Hand Weapons
 g - a +4 morningstar of protection (weapon)
 m - a +2 giant spiked club
 E - a +0 blowgun
Missiles
 c - 5 large rocks (quivered)
 d - 4 throwing nets
 i - 7 javelins
 j - 243 stones
 n - 4 javelins of returning
 F - 27 poisoned needles
 R - 5 curare-tipped needles
Armour
 H - a +0 shield (worn)
 J - a +0 cloak (worn)
 O - the +1 robe of a treasure trove (worn) {rC+ Int+4}
   (You found it on level 5 of the Dungeon)

   It affects your intelligence (+4).
   It protects you from cold.
Magical Staves
 P - an uncursed staff of death
Jewellery
 k - a +2 ring of strength (right hand)
 v - an uncursed amulet of stasis {unknown}
 B - an uncursed ring of fire
 N - a ring of sustain attributes (left hand)
 Q - an uncursed amulet of rage
 V - an amulet of faith (around neck)
 W - an uncursed ring of magical power
 X - an uncursed amulet of clarity {unknown}
Wands
 s - a wand of digging (13)
 G - a wand of hasting (1)
 S - a wand of confusion (16)
 U - a wand of lightning (3)
 Y - a wand of frost (17)
Scrolls
 a - a scroll of silence {unknown}
 f - a scroll of teleportation
 p - a scroll of amnesia
 t - 4 scrolls of remove curse
 y - 3 scrolls of recharging {unknown}
 z - 3 scrolls of fog {unknown}
 A - a scroll of blinking {unknown}
 C - 3 scrolls of immolation {unknown}
 I - 2 scrolls of enchant armour {unknown}
 M - a scroll of fear {unknown}
 T - a scroll of magic mapping {unknown}
 Z - a scroll of vulnerability {unknown}
Potions
 h - 2 potions of flight
 l - 2 potions of mutation
 q - 3 potions of brilliance
 r - a potion of lignification {unknown}
 u - 3 potions of magic
 w - 2 potions of poison
 x - 2 potions of might
 D - 2 potions of curing
 L - 2 potions of agility
Books
 K - a Grand Grimoire

   Spells                             Type                      Level
   a - Monstrous Menagerie            Summoning                    6
   b - Summon Greater Demon           Summoning                    7
   c - Malign Gateway                 Summoning/Translocation      7
   d - Summon Horrible Things         Summoning                    8
Comestibles
 b - 6 beef jerkies
 e - 5 bread rations
 o - 8 meat rations


   Skills:
 + Level 10.5 Fighting
 + Level 9.9 Maces & Flails
 - Level 5.0 Throwing
 + Level 7.6 Dodging
 - Level 0.7 Stealth
 + Level 5.5 Shields
 - Level 5.0 Invocations


You had 9 spell levels left.
You didn't know any spells.

Dungeon Overview and Level Annotations

Branches:
Dungeon (8/15)             Temple (0/1) D:5            Lair (1/8) D:8

Altars:
Elyvilon
Fedhas
Makhleb
Okawaru
Qazlal
Ru
Trog
The Shining One

Shops:
D:6 :   D:8 :=%[*

Annotations:
D:5 1 exclusion


Innate Abilities, Weirdness & Mutations

You are too large for most types of armour.
You have tough skin (AC +1).
You can breathe flames.


Message History

The yak is severely wounded.
You block the yak's attack. x2
You sock the yak!
The yak is almost dead.
The yak gores you.
* * * LOW HITPOINT WARNING * * *
You block the yak's attack.
You completely miss the yak.
The yak is almost dead.
The yak misses you. You block the yak's attack.
You bludgeon the yak!!
You kill the yak!
Qazlal accepts your kill. You block the yak's attack.
You closely miss the yak. You block the yak's attack.
You completely miss the yak. You block the yak's attack.
You barely miss the yak. The yak gores you!
* * * LOW HITPOINT WARNING * * *
You barely miss the yak. The yak gores you!
You die...

.....................
.........##...........
......................
......................
.......##.............
........#.............
......................
......††Y...........##
...##.@#.§........##
#####............
#............
#.............
#......Y......
#.............
#............
#........Y..


You could see a yak.

Vanquished Creatures
  An elephant (Lair:1)
  A spiny frog (D:8)
  The ghost of skk the Chopper, an amateur DsGl of Okawaru (D:4)
  A two-headed ogre (D:8)
  7 yaks
  A hippogriff (D:4)
  A hungry ghost (D:8)
  2 black bears (D:8)
  Purgy (Sewer)
  A necrophage (D:6)
  A phantom (D:7)
  13 ogres
  4 centaurs
  3 sky beasts
  3 giant frogs
  A crocodile (D:8)
  A scorpion (D:4)
  8 killer bees (D:7)
  4 crimson imps
  2 electric eels (D:8)
  A jelly (D:7)
  An orc priest (D:6)
  2 iguanas
  A giant frog skeleton (D:7)
  Ijyb (D:2)
  Jessica (D:3)
  2 orc wizards
  A sheep (D:8)
  4 worker ants
  A hound zombie (D:8)
  8 gnolls
  A worker ant zombie (D:7)
  11 adders
  6 river rats
  2 shadow imps
  An ooze (D:2)
  4 adder skeletons
  7 worms
  5 giant geckos
  14 orcs
  4 giant cockroaches
  7 hobgoblins
  7 jackals
  16 kobolds
  3 ball pythons
  11 bats
  3 giant newts
  8 goblins
  A jackal skeleton (D:5)
  A quokka (D:1)
  2 quokka skeletons
  2 quokka zombies
  10 rats
206 creatures vanquished.

Vanquished Creatures (others)
  21 fungi (Lair:1)
  7 plants (Lair:1)
28 creatures vanquished.

Grand Total: 234 creatures vanquished

Notes
Turn   | Place    | Note
--------------------------------------------------------------
     0 | D:1      | root the Ogre Hunter began the quest for the Orb.
     0 | D:1      | Reached XP level 1. HP: 22/22 MP: 1/1
   368 | D:1      | Reached XP level 2. HP: 28/31 MP: 2/2
   845 | D:1      | Reached skill level 1 in Maces & Flails
  1283 | D:1      | Reached XP level 3. HP: 20/39 MP: 3/3
  1302 | D:1      | HP: 1/39 [quokka (3)]
  2162 | D:2      | Found a faded altar to an unknown god.
  2333 | D:2      | Became a worshipper of Elyvilon the Healer
  2333 | D:2      | Reached * piety under Elyvilon
  2333 | D:2      | Noticed Ijyb
  2390 | D:2      | Killed Ijyb
  2390 | D:2      | Reached XP level 4. HP: 28/48 MP: 4/4
  3482 | D:3      | Found a burning altar of Makhleb.
  3486 | D:3      | Found a blossoming altar of Fedhas.
  3525 | D:3      | Reached XP level 5. HP: 49/55 MP: 5/5
  3661 | D:3      | Noticed Jessica
  3675 | D:3      | Killed Jessica
  4028 | D:4      | Reached skill level 5 in Fighting
  4271 | D:4      | Found a glowing drain.
  4275 | Sewer    | Entered a sewer
  4456 | Sewer    | Noticed Purgy
  4473 | Sewer    | Killed Purgy
  4473 | Sewer    | Reached XP level 6. HP: 13/66 MP: 6/6
  4798 | D:4      | Noticed skk's ghost (amateur DsGl)
  5087 | D:4      | Reached ** piety under Elyvilon
  5115 | D:4      | Noticed an ogre
  5124 | D:4      | Killed an ogre
  5124 | D:4      | Reached skill level 6 in Fighting
  5298 | D:4      | Noticed a hippogriff
  5314 | D:4      | Killed a hippogriff
  5314 | D:4      | Reached XP level 7. HP: 34/76 MP: 7/7
  5442 | D:4      | Reached skill level 5 in Maces & Flails
  5689 | D:4      | Noticed an ogre
  5696 | D:4      | Killed an ogre
  5777 | D:3      | Found a stormy altar of Qazlal.
  5785 | D:3      | Fell from the grace of Elyvilon
  5785 | D:3      | Became a worshipper of Qazlal Stormbringer
  5953 | D:4      | Reached skill level 7 in Fighting
  6291 | D:4      | Reached skill level 1 in Shields
  6530 | D:4      | Reached XP level 8. HP: 65/87 MP: 8/8
  6716 | D:5      | Entered Level 5 of the Dungeon
  6732 | D:5      | Noticed a moth of wrath
  6744 | D:5      | Found a sacrificial altar of Ru.
  6928 | D:5      | Reached skill level 5 in Dodging
  7095 | D:5      | Found a staircase to the Ecumenical Temple.
  7376 | D:5      | Found a glowing golden altar of the Shining One.
  7498 | D:5      | Found a bloodstained altar of Trog.
  7640 | D:5      | Got a bloodstained robe
  7651 | D:5      | Identified the cursed +1 robe of a treasure trove {rC+ Int+4} (You found it on level 5 of the Dungeon)
  7708 | D:5      | Found a blossoming altar of Fedhas.
  8085 | D:6      | Reached skill level 5 in Throwing
  8096 | D:6      | Reached * piety under Qazlal
  9017 | D:7      | Reached skill level 1 in Invocations
  9106 | D:7      | Reached skill level 8 in Fighting
  9106 | D:7      | Reached XP level 9. HP: 72/95 MP: 10/10
  9801 | D:7      | HP: 4/97 [killer bee (7)]
 10577 | D:7      | Found an iron altar of Okawaru.
 10863 | D:8      | Reached ** piety under Qazlal
 11416 | D:8      | Reached skill level 9 in Fighting
 11821 | D:8      | Reached XP level 10. HP: 94/107 MP: 13/13
 12150 | D:8      | Found Olairr's Food Shoppe.
 12161 | D:8      | Found Ykocebud's Armour Emporium.
 12183 | D:8      | Found Lajoli's Assorted Antiques.
 12262 | D:8      | Found a staircase to the Lair.
 12265 | D:8      | Noticed a spiny frog
 12588 | D:8      | Found Poude's Book Shop.
 12609 | D:8      | Killed a spiny frog
 12737 | D:8      | Found Jowutos's Jewellery Emporium.
 12943 | D:8      | Reached skill level 5 in Invocations
 13033 | D:8      | Bought a scroll labeled POIT MOMETIPE for 30 gold pieces
 13033 | D:8      | Bought a scroll labeled TATWUMA VIVO for 30 gold pieces
 13033 | D:8      | Bought a scroll labeled BESSOBL UQUI for 30 gold pieces
 13033 | D:8      | Bought a scroll labeled GUUTTOBIPP for 30 gold pieces
 13033 | D:8      | Bought a scroll labeled ECRECE VAPUDI for 30 gold pieces
 13033 | D:8      | Bought a white potion for 27 gold pieces
 13038 | D:8      | Gained mutation: You can breathe flames. [potion of beneficial mutation]
 13197 | D:6      | Found Aravublat's Book Shop.
 13472 | D:4      | Killed skk's ghost
 13472 | D:4      | Reached skill level 10 in Fighting
 13472 | D:4      | Reached skill level 5 in Shields
 13574 | Lair:1   | Entered Level 1 of the Lair of Beasts
 13824 | Lair:1   | Noticed an elephant
 13837 | Lair:1   | Killed an elephant
 13943 | Lair:1   | Slain by a yak

Action                   |  1- 3 |  4- 6 |  7- 9 | 10-12 || total
-------------------------+-------+-------+-------+-------++-------
Melee: Short sword       |    22 |       |       |       ||    22
       Whip              |   197 |    56 |       |       ||   253
       Flail             |       |    61 |       |       ||    61
       Club              |       |   127 |   508 |    87 ||   722
       Morningstar       |       |       |       |    93 ||    93
 Fire: Blowgun           |       |    22 |    26 |     7 ||    55
Invok: Lesser Healing    |       |     9 |       |       ||     9
       Upheaval          |       |       |       |     3 ||     3
Evoke: Wand              |       |       |     2 |       ||     2
  Use: Scroll            |       |     3 |     4 |    13 ||    20
       Potion            |       |       |     6 |     2 ||     8
 Stab: Sleeping          |       |     4 |     3 |       ||     7
       Paralysed         |       |       |     1 |       ||     1
       Invisible         |       |       |     5 |       ||     5
  Eat: Chunk             |     5 |    11 |    11 |     5 ||    32
       Bread ration      |       |       |     3 |       ||     3
